 Dungeon Crawl Stone Soup version 0.27.1-4-g1640c2035a (webtiles) character file.

Game seed: 11772326502836522745

162 zeram the Sneak (level 5, -1/37 HPs)
             Began as a Gnoll Enchanter on Nov 18, 2021.
             Slain by a black bear (3 damage)
             ... on level 4 of the Dungeon.
             The game lasted 00:03:57 (3174 turns).

zeram the Sneak (Gnoll Enchanter)                   Turns: 3174, Time: 00:03:57

Health: -1/37      AC:  5    Str:  7    XL:     5   Next: 43%
Magic:  10/12      EV: 13    Int: 16    God:
Gold:   118        SH:  4    Dex: 12    Spells: 8/14 levels left

rFire    . . .     SeeInvis .   a - +1 dagger (drain)
rCold    . . .     Faith    .   l - +0 buckler
rNeg     . . .     Spirit   .   b - +0 robe
rPois    .         Reflect  .   c - +0 helmet
rElec    .         Harm     .   (no cloak)
rCorr    .         Rampage  .   (no gloves)
Will     .....                  i - +1 pair of boots
Stlth    +++.......             (no amulet)
HPRegen  0.12/turn              (no ring)
MPRegen  0.13/turn              (no ring)

@: no status effects
A: fangs 1, strong nose, distributed training
a: no special abilities


You were on level 4 of the Dungeon.
You visited 1 branch of the dungeon, and saw 4 of its levels.

You collected 118 gold pieces.

Inventory:

Hand Weapons
 a - a +1 dagger of draining (weapon)
Armour
 b - a +0 robe (worn)
 c - a +0 helmet (worn)
 i - a +1 pair of boots (worn)
 l - a +0 buckler (worn)
Scrolls
 e - a scroll of magic mapping {unknown}
 f - a scroll of immolation {unknown}
 k - a scroll of enchant weapon {unknown}
Potions
 d - a potion of lignification
 g - a potion of berserk rage {unknown}
 h - 3 potions of invisibility
 j - 2 potions of brilliance {unknown}
 m - 3 potions of curing


   Skills:
 + Level 1.5 Fighting
 + Level 3.0 Short Blades
 + Level 1.5 Long Blades
 + Level 1.5 Axes
 + Level 1.5 Maces & Flails
 + Level 1.5 Polearms
 + Level 1.5 Staves
 + Level 1.5 Slings
 + Level 1.5 Bows
 + Level 1.5 Crossbows
 + Level 1.5 Throwing
 + Level 1.5 Armour
 + Level 4.8 Dodging
 + Level 6.1 Stealth
 + Level 1.5 Shields
 + Level 1.5 Unarmed Combat
 + Level 5.2 Spellcasting
 + Level 1.2 Conjurations
 + Level 5.5 Hexes
 + Level 1.2 Summonings
 + Level 1.2 Necromancy
 + Level 1.2 Translocations
 + Level 1.2 Transmutations
 + Level 1.2 Fire Magic
 + Level 1.2 Ice Magic
 + Level 1.2 Air Magic
 + Level 1.2 Earth Magic
 + Level 1.2 Poison Magic
 + Level 1.7 Invocations
 + Level 1.5 Evocations


You had 8 spell levels left.
You knew the following spells:

 Your Spells              Type           Power      Damage    Failure   Level
a - Corona                Hex            24%        N/A       1%          1
b - Ensorcelled Hibernat  Hex/Ice        30%        N/A       8%          2
c - Tukima's Dance        Hex            22%        N/A       6%          3

Your spell library contained the following spells:

 Spells                   Type           Power      Damage    Failure   Level
 Confusing Touch          Hex            22%        N/A       6%          3
 Dazzling Flash           Conj/Hex       30%        N/A       16%         3


Dungeon Overview and Level Annotations

Branches:
Dungeon (4/15)
 Temple: D:4-7

Altars:


Innate Abilities, Weirdness & Mutations

You have very sharp teeth.
Your uncanny sense of smell can sniff out nearby items.
Your experience applies equally to all skills.


Message History

You impale the scorpion!!
You kill the scorpion!
Your Short Blades skill increases to level 3!
You have reached level 5!
You see here a scorpion corpse.
A black bear comes into view.
A black bear is nearby!
Casting: Ensorcelled Hibernation (safe; 8% risk of failure)
Confirm with . or Enter, or press ? or * to list all spells.
Aiming: Ensorcelled Hibernation (safe; 8% risk of failure)
Press: ? - help, Shift-Dir - straight line, f - black bear
Aim: a black bear (chance to affect: 46%)
The black bear looks drowsy...
The helpless black bear fails to defend itself.
You impale the black bear!!
You bite the black bear, but do no damage.
The black bear is almost dead.
The black bear goes berserk!
You barely miss the black bear.
The black bear is almost dead.
The black bear misses you. The black bear claws you.
You block the black bear's attack. The black bear bites you.
The black bear barely misses you. You block the black bear's attack.
You hit the black bear but do no damage.
The black bear is almost dead.
The black bear closely misses you. The black bear claws you. x2
Casting: Ensorcelled Hibernation (safe; 8% risk of failure)
Confirm with . or Enter, or press ? or * to list all spells.
You can't see any susceptible monsters within range! (Use Z to cast anyway.) Unknown command.
The black bear bites you!
* * * LOW HITPOINT WARNING * * *
The black bear claws you.
* * * LOW HITPOINT WARNING * * *
The black bear claws you.
* * * LOW HITPOINT WARNING * * *
The black bear closely misses you.
The black bear claws you but does no damage.
The black bear claws you.
You die...

.# #.# #.##.. ....#
##..#. #.... #.#.#
###.#.######
#.h........#
########.#@#.##.#.#
.........#.#.##.#.####
##########.#....#....#
#.#.#######.#
#.#....#....#
#.#.##.#.####
#.#.##.#.# .
#.#.##...###....
.......†........


You could see a black bear (berserk).

Vanquished Creatures
  A scorpion (D:4)
  2 adders (D:3)
  3 gnolls (D:3)
  A worm (D:2)
  4 endoplasms
  3 giant cockroaches
  3 goblins
  4 hobgoblins
  2 jackals (D:2)
  2 quokkas
  11 ball pythons
  5 bats
  2 frilled lizards
  5 kobolds
  4 rats
52 creatures vanquished.

Notes
Turn   | Place    | Note
-------+----------+-------------------------------------------
     0 | D:1      | zeram the Gnoll Enchanter began the quest for the Orb.
     0 | D:1      | Reached XP level 1. HP: 13/13 MP: 6/6
   316 | D:1      | Reached XP level 2. HP: 19/19 MP: 7/7
   699 | D:1      | Found a faded altar of an unknown god.
   913 | D:2      | Learned a level 2 spell: Ensorcelled Hibernation
  1070 | D:2      | Reached XP level 3. HP: 13/25 MP: 3/9
  1362 | D:2      | Reached skill level 5 in Spellcasting
  1472 | D:2      | Learned a level 3 spell: Tukima's Dance
  1678 | D:2      | Reached skill level 6 in Stealth
  2140 | D:3      | Reached skill level 1 in Invocations
  2227 | D:3      | Reached skill level 1 in Fighting
  2227 | D:3      | Reached skill level 1 in Long Blades
  2227 | D:3      | Reached skill level 1 in Axes
  2227 | D:3      | Reached skill level 1 in Maces & Flails
  2227 | D:3      | Reached skill level 1 in Polearms
  2227 | D:3      | Reached skill level 1 in Staves
  2227 | D:3      | Reached skill level 1 in Slings
  2227 | D:3      | Reached skill level 1 in Bows
  2227 | D:3      | Reached skill level 1 in Crossbows
  2227 | D:3      | Reached skill level 1 in Throwing
  2227 | D:3      | Reached skill level 1 in Armour
  2227 | D:3      | Reached skill level 1 in Shields
  2227 | D:3      | Reached skill level 1 in Unarmed Combat
  2227 | D:3      | Reached skill level 1 in Evocations
  2227 | D:3      | Reached XP level 4. HP: 28/32 MP: 6/11
  2340 | D:3      | Reached skill level 1 in Conjurations
  2340 | D:3      | Reached skill level 1 in Summonings
  2340 | D:3      | Reached skill level 1 in Necromancy
  2340 | D:3      | Reached skill level 1 in Translocations
  2340 | D:3      | Reached skill level 1 in Transmutations
  2340 | D:3      | Reached skill level 1 in Fire Magic
  2340 | D:3      | Reached skill level 1 in Ice Magic
  2340 | D:3      | Reached skill level 1 in Air Magic
  2340 | D:3      | Reached skill level 1 in Earth Magic
  2340 | D:3      | Reached skill level 1 in Poison Magic
  3132 | D:4      | Noticed a scorpion
  3135 | D:4      | Killed a scorpion
  3136 | D:4      | Reached XP level 5. HP: 37/37 MP: 12/12
  3166 | D:4      | Noticed a black bear
  3172 | D:4      | HP: 1/37 [black bear (5)]
  3174 | D:4      | Slain by a black bear

Illustrated notes

Levels and vault maps discovered:
D:1:      dpeg_arrival_more_subterranean_lakeside_camping, layout_basic,
          ebering_ecumenical_altar_hall
D:2:      layout_loops_ring
D:3:      layout_basic, minmay_shallow_snake_nest
D:4:      layout_loops_ring, mainiacjoe_overflow_surrounded_room, temple_hall,
          amcnicky_altar_lugonu_corruption, uniq_ijyb

Skill      XL: |  1  2  3  4 |
---------------+-------------+-----
Spellcasting   | 5 |  5.2
Stealth        | 6 |  6.1
Invocations    | 1 |  1.7
Fighting       | 1 |  1.5
Long Blades    | 1 |  1.5
Axes           | 1 |  1.5
Maces & Flails | 1 |  1.5
Polearms       | 1 |  1.5
Staves         | 1 |  1.5
Slings         | 1 |  1.5
Bows           | 1 |  1.5
Crossbows      | 1 |  1.5
Throwing       | 1 |  1.5
Armour         | 1 |  1.5
Shields        | 1 |  1.5
Unarmed Combat | 1 |  1.5
Evocations     | 1 |  1.5
Conjurations   | 1 |  1.2
Summonings     | 1 |  1.2
Necromancy     | 1 |  1.2
Translocations | 1 |  1.2
Transmutations | 1 |  1.2
Fire Magic     | 1 |  1.2
Ice Magic      | 1 |  1.2
Air Magic      | 1 |  1.2
Earth Magic    | 1 |  1.2
Poison Magic   | 1 |  1.2
Short Blades   | 3 |  3.0
Dodging        | |  4.8
Hexes          | |  5.5

Action                   |  1- 3 |  4- 6 || total
-------------------------+-------+-------++-------
Melee: Dagger            |   144 |    48 ||   192
       Bite              |     7 |     3 ||    10
 Cast: Ensorcelled Hiber |     5 |     8 ||    13
  Use: Scroll            |     7 |       ||     7
 Stab: Sleeping          |    16 |    11 ||    27
Armor: Robe              |    43 |    13 ||    56
Dodge: Dodged            |    95 |    37 ||   132
Block: Buckler           |     5 |    12 ||    17
